Map: Jagannatha LE

Players

Hellraiser - Winner!

  • Race: Protoss Protoss

SortOf

  • Race: Zerg Zerg

Event: DreamHack SC2 Masters 2021 Winter

VOD

Have the link to the VOD?

Description

Time

  • Played on: Oct. 10, 2021, 2:12 p.m.
  • Length: 15:07

All games in this series

Show
View Real Time Build Order
Export as new Build Order

Hellraiser Protoss - Winner!

Build Orders: 1 Gate Expand, Oracle Opening 

Get SALT Encoding   

  12  0:00  Probe  
  13  0:12  Probe  
  14  0:20  Pylon  
  14  0:24  Probe  
  15  0:38  Probe (Chrono Boost)  
  15  0:39  Gateway  
  16  0:49  Assimilator, Probe (Chrono Boost)  
  17  0:54  Probe (Chrono Boost)  
  18  1:05  Probe  
  19  1:17  Probe  
  20  1:24  Nexus  
  20  1:35  Cybernetics Core  
  20  1:39  Probe  
  21  1:46  Assimilator  
  21  1:51  Probe  
  22  1:55  Pylon  
  22  2:03  Probe (Chrono Boost)  
  23  2:13  Stalker  
  26  2:15  Probe (Chrono Boost)  
  26  2:20  Stargate  
  26  2:23  Probe (Chrono Boost)  
  26  2:29  Probe (Chrono Boost)  
  27  2:30  Warp Gate  
  29  2:38  Probe (Chrono Boost)  
  29  2:41  Probe (Chrono Boost)  
  30  2:46  Probe (Chrono Boost)  
  30  2:47  Adept, Probe (Chrono Boost)  
  30  2:51  Probe (Chrono Boost)  
  34  2:55  Void Ray (Chrono Boost)  
  34  2:56  Probe  
  36  3:03  Probe  
  41  3:08  Probe  
  42  3:14  Pylon  
  42  3:15  Probe  
  43  3:20  Gateway  
  43  3:21  Probe  
  44  3:27  Probe  
  44  3:30  Oracle (Chrono Boost)  
  44  3:33  Probe  
  49  3:34  Assimilator  
  49  3:38  Assimilator  
  49  3:39  Probe  
  50  3:45  Probe  
  51  3:51  Probe  
  52  3:57  Probe  
  52  4:00  Stargate  
  53  4:03  Probe  
  53  4:06  Pylon  
  53  4:09  Nexus  
  54  4:15  Pylon  
  54  4:18  Void Ray (Chrono Boost)  
  54  4:24  Pylon  
  54  4:26  Probe  
  54  4:27  Probe  
  60  4:32  Adept  
  62  4:38  Void Ray (Chrono Boost), Probe  
  62  4:39  Probe  
  68  4:50  Protoss Air Weapons Level 1  
  68  4:53  Void Ray (Chrono Boost)  
  68  4:54  Probe  
  73  5:05  Probe  
  74  5:09  Probe  
  74  5:12  Void Ray (Chrono Boost)  
  75  5:15  Pylon  
  75  5:17  Probe  
  81  5:21  Void Ray (Chrono Boost), Probe  
  81  5:26  Probe  
  80  5:29  Probe  
  80  5:33  Probe  
  84  5:38  Probe, Forge  
  84  5:39  Assimilator  
  84  5:41  Probe  
  84  5:42  Assimilator, Pylon  
  86  5:45  Probe, Pylon  
  86  5:48  Adept x2  
  91  5:50  Probe  
  91  5:53  Void Ray (Chrono Boost)  
  91  5:55  Void Ray (Chrono Boost)  
  96  5:59  Probe  
  101  6:06  Probe, Protoss Ground Weapons Level 1 (Chrono Boost)  
  101  6:09  Probe  
  103  6:12  Twilight Council  
  103  6:13  Probe  
  104  6:18  Probe  
  104  6:21  Probe, Pylon  
  104  6:25  Probe  
  107  6:31  Probe  
  109  6:43  Gateway  
  109  6:44  Nexus, Charge (Chrono Boost)  
  108  6:47  Gateway  
  108  6:50  Gateway  
  108  6:53  Gateway  
  112  6:57  Templar Archives  
  112  6:58  Gateway  
  112  7:00  Gateway  
  112  7:07  Void Ray x2  
  112  7:08  Zealot x2  
  120  7:22  Photon Cannon  
  120  7:25  Photon Cannon  
  120  7:27  Probe x2  
  120  7:28  Photon Cannon, Shield Battery x2  
  122  7:30  Shield Battery  
  122  7:32  Pylon  
  122  7:37  Pylon  
  122  7:38  Pylon  
  122  7:39  Pylon  
  122  7:51  Zealot x3  
  122  7:54  Void Ray x2  
  122  7:56  High Templar x3  
  122  7:57  Zealot, High Templar  
  146  8:06  Archon x2  
  146  8:09  Probe x3  
  146  8:10  Photon Cannon  
  146  8:11  Shield Battery  
  149  8:18  Robotics Facility  
  149  8:27  High Templar x3  
  149  8:28  Zealot x3, High Templar  
  149  8:29  Zealot  
  149  8:31  Probe x2  
  149  8:32  Probe  
  149  8:33  Archon, Assimilator, Probe, Protoss Ground Weapons Level 2 (Chrono Boost)  
  166  8:37  Assimilator  
  166  8:42  Blink (Chrono Boost)  
  166  8:43  Probe, Archon  
  166  8:45  Pylon  
  166  8:46  Pylon  
  166  8:48  Pylon  
  167  8:56  Zealot x2  
  161  9:05  Warp Prism (Chrono Boost)  
  161  9:06  Zealot x3  
  161  9:07  Zealot x3  
  175  9:10  Probe x2  
  177  9:19  Zealot x2  
  181  9:29  Probe  
  182  9:33  Observer (Chrono Boost), Nexus  
  183  9:39  Psionic Storm  
  181  9:48  Immortal (Chrono Boost)  
  185  9:55  High Templar x4  
  185  9:56  Stalker x2  
  185  9:59  Pylon  
  195  10:03  Fleet Beacon, Pylon  
  195  10:11  Photon Cannon  
  195  10:13  Photon Cannon  
  195  10:14  Shield Battery  
  195  10:18  Pylon x2  
  174  10:23  Immortal (Chrono Boost)  
  178  10:32  Stalker x8  
  194  10:49  Pylon  
  194  10:51  Nexus  
  194  10:52  Pylon  
  188  11:09  Immortal (Chrono Boost)  
  188  11:10  Stalker x8  
  185  11:26  Archon  
  159  11:36  Stalker x8  
  161  11:46  Immortal (Chrono Boost)  
  155  12:01  Stalker x8  
  161  12:14  Nexus  
  133  12:31  Immortal (Chrono Boost)  
  133  12:32  Stalker x8  
  131  13:01  High Templar x2  
  131  13:02  Stalker x5, Robotics Bay, High Templar  
  145  13:13  Immortal (Chrono Boost)  
  145  13:23  Pylon  
  145  13:25  Stalker x5  
  155  13:35  Zealot x3  
  155  13:38  Immortal (Chrono Boost)  
  149  13:54  Zealot x5  
  154  13:55  Archon  
  140  14:03  Zealot x3  
  131  14:11  Disruptor (Chrono Boost)  
  131  14:13  Tempest x2 (Chrono Boost)  
  131  14:16  Gateway  
  142  14:18  Gateway  
  139  14:24  Zealot x8  
  139  14:47  Stalker x8  
Show
View Real Time Build Order
Export as new Build Order

SortOf Zerg 

Build Orders: Hatch First 

Get SALT Encoding   

  12  0:00  Drone  
  13  0:12  Overlord  
  13  0:17  Drone  
  14  0:30  Drone x2  
  16  0:48  Hatchery  
  15  0:52  Drone  
  15  0:55  Drone  
  17  0:58  Drone  
  18  1:11  Extractor  
  17  1:14  Spawning Pool  
  17  1:17  Drone  
  17  1:21  Drone  
  18  1:28  Drone  
  19  1:38  Drone  
  20  1:51  Overlord  
  20  2:02  Queen  
  20  2:03  Drone, Zergling x2  
  20  2:04  Queen  
  26  2:13  Drone  
  26  2:14  Drone  
  28  2:20  Metabolic Boost  
  28  2:23  Drone x2  
  30  2:35  Drone  
  33  2:44  Drone  
  33  2:46  Queen  
  33  2:50  Hatchery  
  33  2:55  Overlord  
  33  2:56  Drone  
  33  2:57  Drone  
  35  2:59  Drone  
  35  3:04  Overlord  
  36  3:13  Queen  
  36  3:14  Overlord  
  36  3:15  Drone  
  36  3:19  Drone  
  40  3:22  Queen  
  42  3:28  Drone x3  
  42  3:33  Drone x2  
  47  3:44  Zergling x4  
  48  3:50  Spore Crawler  
  48  3:51  Queen  
  48  3:55  Drone x4  
  53  4:01  Overlord  
  53  4:04  Drone x3  
  53  4:07  Zergling x4  
  58  4:15  Overlord  
  58  4:16  Overlord  
  58  4:25  Drone x5  
  63  4:32  Drone, Roach Warren  
  63  4:34  Drone  
  63  4:37  Drone, Lair  
  65  4:41  Extractor  
  65  4:42  Extractor  
  65  4:43  Drone x4, Spore Crawler  
  66  4:46  Drone x4  
  66  4:50  Queen  
  72  4:58  Drone x3  
  75  5:02  Overlord  
  73  5:10  Zergling x2  
  73  5:11  Zergling x2  
  73  5:12  Drone x2  
  75  5:14  Queen  
  75  5:18  Drone  
  75  5:20  Drone  
  76  5:21  Drone  
  76  5:22  Roach  
  76  5:23  Roach x4  
  76  5:25  Overlord  
  84  5:30  Drone  
  84  5:37  Spore Crawler  
  84  5:40  Overlord  
  81  5:43  Drone x3  
  81  5:44  Hatchery  
  83  5:50  Drone x2  
  83  5:53  Infestation Pit, Glial Reconstitution  
  83  5:54  Evolution Chamber, Extractor  
  83  5:55  Drone x2  
  84  6:01  Drone x3  
  86  6:05  Queen  
  86  6:10  Drone x6  
  94  6:12  Extractor  
  94  6:13  Extractor  
  94  6:16  Queen  
  94  6:25  Overlord  
  94  6:30  Roach x5, Overlord  
  94  6:31  Overlord  
  102  6:40  Overlord  
  102  6:43  Queen x2  
  106  6:49  Overlord  
  106  6:52  Queen  
  108  6:54  Overlord  
  108  6:56  Roach x4  
  116  7:03  Roach x2  
  118  7:09  Roach x3  
  118  7:12  Roach x2  
  118  7:14  Roach  
  126  7:19  Queen  
  126  7:21  Overlord  
  130  7:29  Hatchery  
  127  7:35  Spore Crawler  
  127  7:36  Hatchery  
  126  7:38  Ravager x4  
  126  7:39  Ravager x6  
  136  7:45  Zergling x12  
  142  7:52  Queen  
  142  7:57  Drone x4  
  142  7:58  Drone x2  
  147  8:07  Hatchery  
  147  8:09  Queen  
  148  8:15  Drone x2  
  148  8:18  Extractor  
  148  8:19  Extractor  
  148  8:21  Pathogen Glands  
  148  8:22  Queen  
  148  8:25  Overlord  
  150  8:34  Zergling x6  
  150  8:36  Overlord  
  150  8:37  Zerg Ground Armor Level 1  
  153  8:41  Overlord  
  153  8:43  Lair  
  153  8:45  Infestor x2  
  142  9:04  Zergling x28  
  142  9:09  Queen x2  
  157  9:10  Infestor  
  157  9:12  Infestor  
  161  9:29  Infestor  
  161  9:31  Overlord  
  163  9:35  Roach x6  
  174  9:44  Queen x2  
  174  9:45  Queen  
  180  9:53  Infestor  
  180  9:54  Infestor  
  180  9:58  Hatchery  
  183  10:03  Overlord  
  183  10:12  Overlord  
  183  10:20  Queen x2  
  187  10:23  Roach x3  
  193  10:29  Queen  
  191  10:35  Roach  
  191  10:36  Roach x3  
  196  10:51  Overseer  
  196  10:59  Roach x3  
  196  11:06  Roach x2  
  196  11:07  Roach  
  196  11:10  Roach x3  
  192  11:24  Roach x5  
  195  11:29  Roach x6  
  184  11:35  Roach x4  
  184  11:36  Roach  
  184  11:39  Roach  
  179  11:44  Roach x3  
  179  11:45  Roach  
  182  11:47  Queen  
  182  11:52  Queen  
  182  11:53  Queen  
  174  11:55  Roach  
  174  12:02  Roach x5  
  173  12:13  Zergling x6  
  148  12:23  Queen  
  148  12:24  Roach x3  
  148  12:27  Ravager x3  
  148  12:28  Ravager x3, Queen  
  154  12:38  Ravager x3  
  155  12:46  Zergling x10  
  143  13:01  Roach x4  
  149  13:11  Roach x2  
  138  13:20  Zergling x8  
  142  13:27  Zergling x6  
  145  13:37  Roach  
  145  13:39  Zergling x6  
  149  13:48  Roach x3  
  140  13:52  Roach  
  127  13:57  Roach  
  123  14:06  Roach  
  123  14:07  Roach x2  
  124  14:10  Roach  
  124  14:15  Ravager x3  
  128  14:21  Roach x2  
  127  14:29  Ravager x5  
  127  14:30  Ravager  
  119  14:41  Roach x2  
  91  14:52  Ravager x5  

Tags
 
Add a new tag
Caveats
  • Supply blocks, unpowered buildings, or Contaminate may cause inaccurate times.
  • Supply counts are checked every 10 seconds.